 Dungeon Crawl Stone Soup version 0.30.1 (webtiles) character file.

Game seed: 15464012186702152929

16059 javelincjr the Summoner (level 12, -3/85 (91) HPs)
             Began as a Demonspawn Summoner on July 12, 2023.
             Was an Elder of Sif Muna.
             Killed by divine providence
             ... invoked by an orc high priest
              (8 damage)
             ... on level 2 of the Orcish Mines.
             The game lasted 01:30:44 (12655 turns).

javelincjr the Summoner (Demonspawn Summoner)      Turns: 12655, Time: 01:30:44

HP:   -3/85 (91)    AC: 13    Str: 11    XL:     12   Next: 6%
MP:   0/25          EV: 19    Int: 23    God:    Sif Muna [****..]
Gold: 708           SH:  5    Dex: 13    Spells: 5/29 levels left

rFire   . . .        y - +4 rapier of Xiutet {drain, rN+ Str+3}
rCold   . . .        (no shield)
rNeg    + . .        J - +0 steam dragon scales
rPois   .            c - +0 helmet
rElec   .            j - +2 cloak
rCorr   .            d - +0 pair of gloves
SInv    .            (no boots)
Will    .....        I - amulet of reflection
Stlth   ++++         (no ring)
HPRegen 0.34/turn    (no ring)
MPRegen 0.38/turn

%: reflection, guardian spirit
@: agile, forested, drained
A: yellow scales 2, powered by pain 1, magic shield, magic regeneration
a: Renounce Religion, Channel Magic, Forget Spell, Divine Exegesis


You were on level 2 of the Orcish Mines.
You worshipped Sif Muna.
Sif Muna was greatly pleased with you.
You visited 3 branches of the dungeon, and saw 13 of its levels.
You also visited: Ossuary and Bailey.

You collected 708 gold pieces.

Inventory:

Hand Weapons
 e - a +2 dagger of flaming
 k - a +5 halberd of flaming
 q - a +3 quarterstaff of chaos
 y - the +4 rapier of Xiutet (weapon) {drain, rN+ Str+3}
   (You found it on level 8 of the Dungeon)

   Str:       It affects your strength (+3).
   rN:        It protects you from negative energy.
 R - a +0 hand axe
 U - a +6 battleaxe
Missiles
 X - 2 throwing nets
Armour
 c - a +0 helmet (worn)
 d - a +0 pair of gloves (worn)
 h - a +0 kite shield
 j - a +2 cloak (worn)
 E - a +2 leather armour of fire resistance
 J - +0 steam dragon scales (worn)
 O - a +0 troll leather armour
 P - a +0 robe of resistance
 Q - a +2 robe of positive energy
 V - a +1 robe of cold resistance
 W - a +2 leather armour of fire resistance
Magical Staves
 S - the staff of earth "Pikejovy" {Dex+4}
   (You found it in a bailey)

   [staff of earth]

   Base accuracy: +5 Base damage: 5 Base attack delay: 1.2 This weapon's minimum
   attack delay (0.6) is reached at skill level 12.
   Dex:       It affects your dexterity (+4).
   It falls into the 'Staves' category.
   It is a one-handed weapon.
Jewellery
 i - an amulet of faith
 I - an amulet of reflection (around neck)
Wands
 f - a wand of polymorph (11)
 g - a wand of acid (9)
 o - a wand of flame (36)
 s - a wand of charming (12)
Scrolls
 m - 3 scrolls of vulnerability
 p - 3 scrolls of teleportation
 t - 2 scrolls of torment
 F - 2 scrolls of fear {unknown}
 G - 3 scrolls of blinking {unknown}
 K - a scroll of fog {unknown}
 L - 2 scrolls of acquirement {unknown}
 M - a scroll of enchant armour {unknown}
 N - 6 scrolls of amnesia
Potions
 a - 3 potions of mutation
 b - 3 potions of magic
 l - 3 potions of haste
 n - 2 potions of invisibility {unknown}
 r - 2 potions of brilliance
 u - 4 potions of resistance
 v - a potion of might
 x - 3 potions of curing {unknown}
 z - 3 potions of ambrosia {unknown}
 A - 4 potions of cancellation {unknown}
 C - 5 potions of degeneration
 D - a potion of lignification {unknown}
 H - a potion of flight
 T - a potion of experience
Miscellaneous
 B - a lightning rod (2/4)


   Skills:
 + Level 7.1 Fighting
 + Level 6.9 Dodging
 + Level 7.6 Stealth
 + Level 6.5 Shields
 * Level 9.1 Spellcasting
 * Level 10.5 Summonings


You had 5 spell levels left.
You knew the following spells:

 Your Spells              Type           Power      Damage    Failure   Level
a - Summon Small Mammal   Summ           100%       N/A       1%          1
b - Call Imp              Summ           100%       N/A       1%          2
c - Call Canine Familiar  Summ           56%        N/A       1%          3
d - Summon Guardian Gole  Hex/Summ       34%        N/A       2%          3
e - Summon Lightning Spi  Summ/Air       34%        N/A       7%          4
f - Summon Cactus Giant   Summ           28%        N/A       13%         6
g - Summon Forest         Summ/Tloc      17%        N/A       21%         5

Your spell library contained the following spells:

 Spells                   Type           Power      Damage    Failure   Level
 Apportation              Tloc           20%        N/A       6%          1
 Necrotise                Necr           40%        1d6       6%          1
 Animate Armour           Summ/Erth      68%        N/A       7%          4
 Summon Mana Viper        Hex/Summ       34%        N/A       21%         5
 Blade Hands              Tmut           5%         N/A       86%         5
 Fireball                 Conj/Fire      5%         3d5       86%         5
 Iskenderun's Battlesphe  Conj           10%        2d6       86%         5
 Summon Hydra             Summ           28%        N/A       56%         7
 Conjure Ball Lightning   Conj/Air       5%         3x3d6     100%        6
 Eringya's Noxious Bog    Tmut/Pois      5%         N/A       100%        6
 Iron Shot                Conj/Erth      5%         9d2       100%        6
 Orb of Destruction       Conj           5%         9d5       100%        7


Dungeon Overview and Level Annotations

Branches:
Dungeon (10/15)            Temple (1/1) D:7            Lair (0/5) D:8
    Orc (1/2) D:10        Ossuary (visited)          Bailey (visited)

Altars:
Ashenzari
Cheibriados
Dithmenos
Fedhas
Gozag
Hepliaklqana
Kikubaaqudgha
Makhleb
Nemelex Xobeh
Okawaru
Qazlal
Ru
Sif Muna
Trog
Uskayaw
Vehumet
Wu Jian
Xom
Yredelemnul

Shops:
Orc:2 **


Innate Abilities, Weirdness & Mutations

You are mostly covered in yellow scales. (AC +3)
You sometimes gain a little power by taking damage.
When hurt, damage is shared between your health and your magic reserves.
You regenerate magic rapidly.


Message History

Press: ? - help, Q - select action, (/) - cycle Shift-Dir - straight line, f - orc warrior
Aim: an orc warrior, wielding a +0 dire flail and wearing a +0 chain mail (strong, chance to affect: 49%)
The orc warrior resists with some effort.
Your surroundings suddenly seem different. 2 orc wizards and an orc priest come into view.
The orc priest moves out of view.
Aiming: Charm
Press: ? - help, Q - select action, (/) - cycle Shift-Dir - straight line, f - orc wizard
Aim: an orc wizard, wielding a +0 dagger and wearing a +0 robe (wandering, hasn't noticed you, chance to affect: 49%)
The orc wizard shouts!
The orc wizard resists with some effort.
The orc wizard shouts!
You hear a shout! x2
Aiming: Thunderbolt
Press: ? - help, Q - select action, (/) - cycle Shift-Dir - straight line, f - orc wizard, p - orc wizard
Aim: an orc wizard, wielding a +0 dagger and wearing a +0 robe The thunderbolt hits the orc wizard!!
You kill the orc wizard!
Sif Muna accepts your kill.
The thunderbolt hits the orc wizard!!
You kill the orc wizard!
Sif Muna accepts your kill.
The orc priest shouts!
You hear a shout! x3
An orc high priest comes into view. It is wielding a +0 hand axe.
Magic courses through your body.
The orc priest invokes the aid of Beogh against you.
Beogh smites you!
* * * LOW HITPOINT WARNING * * *
Casting: Summon Forest (dangerous; 21% risk of failure)
Confirm with . or Enter, or press ? or * to list all spells.
An orc high priest comes into view. It is wielding a +0 trident.
The orc priest mumbles some strange prayers to Beogh against you.
Beogh smites you!
* * * LOW HITPOINT WARNING * * *
You swap places.
The orc priest miscasts a cantrip.
The orc high priest invokes the aid of Beogh against you.
Beogh smites you!
You die...

.........$.# #oo#
.#.........# #o##
#..........# ##. ♣.# ..
.....o. ##o# ... ...o..
♣#..##
....######..)######.R.♣.
.........)...)..o.......
.......C......)))o.)....
#...#..@#......♣.)C####.
# ##.## ..#)###.#.## #
## ##C###.§..#
#..)#.C..## #.(.)#.♣#♣
##...### ##.### #....#
##....#


You could see an orc high priest (ally target), an orc priest and a friendly
cactus giant (summoned).

Vanquished Creatures
  A troll (D:9)
  Prince Ribbit (D:7)
  A nameless horror (D:10)
  Grinder (D:5)
  A hornet (D:9)
  A wraith (D:9)
  4 yaks
  2 steam dragons
  An acid dragon (D:8)
  A warg (D:10)
  Edmund (D:5)
  2 water moccasins
  Duvessa (D:5)
  2 ice beasts (D:6)
  An orc warrior (D:8)
  3 centaurs
  A phantom (D:5)
  A bullfrog (D:8)
  6 scorpions
  5 wights
  A howler monkey (D:9)
  A bullfrog zombie (Ossuary)
  A hound (D:4)
  A jelly (D:5)
  A human zombie (Ossuary)
  2 orc priests (D:4)
  5 orc wizards
  2 iguanas
  5 gnolls
  5 adders
  A white imp (D:6)
  2 adder zombies (Ossuary)
  A worm (D:5)
  3 dart slugs
  14 orcs
  6 endoplasms
  A gnoll zombie (Ossuary)
  5 hobgoblins
  2 quokkas
  6 ball pythons
  4 bats
  9 frilled lizards
  5 goblins
  3 hobgoblin zombies (Ossuary)
  10 kobolds
  2 orc zombies (Ossuary)
  3 rats
138 creatures vanquished.

Vanquished Creatures (collateral kills)
  An orc warlord (Bailey)
  Fannar (D:10)
  A two-headed ogre (D:10)
  An orc high priest (Orc:2)
  Nergalle (D:10)
  An orc knight (Bailey)
  A cyclops (Orc:2)
  Maggie (D:8)
  Eustachio (D:4)
  2 yaks
  Grum (D:10)
  A steam dragon (D:9)
  3 wargs
  Menkaure (D:5)
  A water moccasin (D:7)
  9 orc warriors
  An ice beast (D:7)
  A black bear (D:4)
  3 ogres
  3 wolves (D:10)
  A centaur (D:10)
  2 kobold brigands
  A bullfrog (D:6)
  A gnoll sergeant (D:6)
  A scorpion (Ossuary)
  6 wights
  Dowan (D:5)
  2 killer bees (D:8)
  2 howler monkeys (D:9)
  2 bullfrog zombies (Ossuary)
  3 centaur zombies (Ossuary)
  2 hounds
  13 orc priests
  Crazy Yiuf (D:2)
  An iguana (D:5)
  A scorpion zombie (Ossuary)
  5 orc wizards
  A mummy (D:4)
  9 gnolls
  4 adders
  A shadow imp (D:5)
  A white imp (D:6)
  An ufetubus (D:7)
  6 worms
  A dart slug (D:1)
  29 orcs
  A bat (D:2)
  4 endoplasms
  3 giant cockroaches
  18 goblins
  6 hobgoblins
  3 quokkas
  2 ball pythons (D:1)
  4 frilled lizards (D:1)
  A goblin zombie (Ossuary)
  2 hobgoblin zombies (Ossuary)
  20 kobolds
  3 orc zombies (Ossuary)
  2 rats (D:1)
202 creatures vanquished.

Vanquished Creatures (others)
  A two-headed ogre (D:10)
  12 yaks
  A warg (D:8)
  An orc warrior (D:9)
  A centaur (D:5)
  A wolf (D:10)
  A wight (D:10)
  A killer bee (D:8)
  2 orc priests
  2 orc wizards
  2 gnolls (D:4)
  3 orcs
  A quokka (D:9)
29 creatures vanquished.

Grand Total: 369 creatures vanquished

Notes
Turn   | Place    | Note
-------+----------+-------------------------------------------
     0 | D:1      | javelincjr the Demonspawn Summoner began the quest for the
                  | Orb.
     0 | D:1      | Reached XP level 1. HP: 13/13 MP: 3/3
   308 | D:1      | Gained mutation: You regenerate magic rapidly. [demonic
                  | ancestry]
   308 | D:1      | Reached XP level 2. HP: 18/19 MP: 1/5
   983 | D:1      | Gained mutation: You sometimes gain a little power by
                  | taking damage. [demonic ancestry]
   983 | D:1      | Reached XP level 3. HP: 24/24 MP: 3/6
  1897 | D:2      | Gained mutation: You are partially covered in yellow
                  | scales. (AC +2) [demonic ancestry]
  1897 | D:2      | Reached XP level 4. HP: 23/31 MP: 7/7
  1961 | D:2      | Learned a level 2 spell: Call Imp
  1965 | D:2      | Learned a level 3 spell: Call Canine Familiar
  1969 | D:2      | Found a runed translucent door.
  1970 | D:2      | Noticed Crazy Yiuf
  1981 | D:2      | Killed Crazy Yiuf
  1982 | D:2      | Reached skill level 1 in Fighting
  2619 | D:3      | Reached skill level 1 in Shields
  2730 | D:3      | Found a hide-covered altar of Uskayaw.
  2782 | D:3      | Reached XP level 5. HP: 37/37 MP: 4/9
  3052 | D:3      | Found a hazy altar of Hepliaklqana.
  3417 | D:4      | Found a sand-covered staircase.
  3431 | Ossuary  | Entered an ossuary
  3462 | Ossuary  | Reached XP level 6. HP: 42/44 MP: 10/10
  3658 | Ossuary  | Reached skill level 5 in Summonings
  3670 | Ossuary  | Reached XP level 7. HP: 51/51 MP: 12/12
  3711 | Ossuary  | Noticed a silent spectre
  4121 | D:4      | Noticed Eustachio
  4150 | D:4      | Learned a level 3 spell: Summon Guardian Golem
  4190 | D:4      | Killed Eustachio
  4191 | D:4      | Gained mutation: You are mostly covered in yellow scales.
                  | (AC +3) [demonic ancestry]
  4191 | D:4      | Reached XP level 8. HP: 57/58 MP: 4/14
  4851 | D:5      | Entered Level 5 of the Dungeon
  4882 | D:5      | Noticed Edmund
  4895 | D:5      | Killed Edmund
  5520 | D:5      | Noticed Grinder
  5530 | D:5      | Found an iron altar of Okawaru.
  5532 | D:5      | Reached skill level 6 in Summonings
  5551 | D:5      | Paralysed by Grinder for 4 turns
  5560 | D:5      | Paralysed by Grinder for 3 turns
  5563 | D:5      | Killed Grinder
  5818 | D:5      | Noticed Menkaure
  5828 | D:5      | Killed Menkaure
  5829 | D:5      | Reached skill level 5 in Stealth
  5833 | D:5      | Reached skill level 5 in Spellcasting
  5930 | D:5      | Noticed Duvessa
  5931 | D:5      | Noticed Dowan
  5941 | D:5      | Reached XP level 9. HP: 24/65 MP: 12/16
  6109 | D:5      | Killed Duvessa
  6114 | D:5      | Killed Dowan
  6757 | D:6      | Found a snail-covered altar of Cheibriados.
  6840 | D:6      | Reached skill level 7 in Summonings
  7319 | D:6      | Found a shimmering altar of Xom.
  7649 | D:6      | Learned a level 4 spell: Summon Lightning Spire
  7716 | D:7      | Reached skill level 5 in Dodging
  7879 | D:7      | Found a staircase to the Ecumenical Temple.
  7894 | Temple   | Entered the Ecumenical Temple
  8065 | Temple   | Became a worshipper of Sif Muna the Loreminder
  8370 | D:7      | Noticed Prince Ribbit
  8380 | D:7      | Killed Prince Ribbit
  8381 | D:7      | Reached skill level 5 in Fighting
  8648 | D:7      | Reached XP level 10. HP: 72/74 MP: 13/19
  8879 | D:8      | Identified the +4 rapier of Xiutet {drain, rN+ Str+3}
  8931 | D:8      | Reached skill level 8 in Summonings
  9319 | D:8      | Noticed Maggie
  9334 | D:8      | Killed Maggie
  9334 | D:8      | Reached * piety under Sif Muna
  9335 | D:8      | Reached skill level 5 in Shields
  9533 | D:8      | Found a staircase to the Lair.
 10686 | D:9      | Reached skill level 9 in Summonings
 10791 | D:9      | Reached ** piety under Sif Muna
 10894 | D:9      | Gained mutation: When hurt, damage is shared between your
                  | health and your magic reserves. [demonic ancestry]
 10894 | D:9      | Reached XP level 11. HP: 80/81 MP: 16/22
 11132 | D:10     | Entered Level 10 of the Dungeon
 11209 | D:10     | Noticed a two-headed ogre
 11210 | D:10     | Noticed Grum
 11263 | D:10     | Killed a two-headed ogre
 11268 | D:10     | Killed Grum
 11304 | D:10     | Identified the +3 dire flail "Yvuatwot" {freeze, Fragile
                  | Str+6}
 11347 | D:10     | Found a flagged portal.
 11360 | Bailey   | Entered a bailey
 11373 | Bailey   | Learned a level 6 spell: Summon Cactus Giant
 11395 | Bailey   | Noticed an orc warlord
 11435 | Bailey   | Noticed an orc knight
 11451 | Bailey   | Killed an orc knight
 11451 | Bailey   | Reached *** piety under Sif Muna
 11501 | Bailey   | Found a runed translucent gate.
 11503 | Bailey   | Found a runed translucent gate.
 11505 | Bailey   | Found a runed translucent gate.
 11660 | Bailey   | Killed an orc warlord
 11663 | Bailey   | Identified the staff of earth "Pikejovy" {Dex+4}
 11890 | D:10     | Noticed a two-headed ogre
 11903 | D:10     | Killed a two-headed ogre
 11904 | D:10     | Reached skill level 10 in Summonings
 11910 | D:10     | Learned a level 5 spell: Summon Forest
 11940 | D:10     | Found a staircase to the Orcish Mines.
 11967 | D:10     | Noticed Nergalle
 11975 | D:10     | Killed Nergalle
 12048 | D:10     | Noticed Fannar
 12060 | D:10     | Killed Fannar
 12152 | D:10     | Noticed a deep elf knight
 12152 | D:10     | Noticed a green ugly thing
 12155 | D:10     | Noticed an ogre mage
 12157 | D:10     | Noticed a skeletal warrior
 12159 | D:10     | Noticed a purple ugly thing
 12424 | Orc:1    | Entered Level 1 of the Orcish Mines
 12543 | Orc:1    | You fall into a shaft and drop 1 floor!
 12543 | Orc:2    | Entered Level 2 of the Orcish Mines
 12556 | Orc:2    | Reached **** piety under Sif Muna
 12557 | Orc:2    | Found Soigg's General Store.
 12566 | Orc:2    | Noticed an orc high priest
 12568 | Orc:2    | Noticed an orc high priest
 12603 | Orc:2    | Reached XP level 12. HP: 36/91 MP: 6/25
 12606 | Orc:2    | Killed an orc high priest
 12646 | Orc:2    | Found Xaocza's General Store.
 12652 | Orc:2    | Noticed an orc high priest
 12654 | Orc:2    | Noticed an orc high priest
 12655 | Orc:2    | Killed from afar by an orc high priest

Illustrated notes

Levels and vault maps discovered:
D:1:      co_arrival_square_in_a_square_in_a_square, layout_loops_corners,
          minmay_misc_feat_doors, minmay_lizard_king
D:2:      layout_loops_corners, kennysheep_generic_room_3,
          uniq_crazy_yiuf_cottage
D:3:      layout_loops_ring, nzn_hepliaklqana_mist_gate,
          mainiacjoe_overflow_tiny_flanked, serial_aquarium,
          aquarium_bridge_straight [aquarium_subvault_bridge,
          aquarium_subvault_window, aquarium_subvault_bridge,
          aquarium_subvault_balcony], aquarium_bridge_long_joined
          [aquarium_subvault_bridge, aquarium_subvault_wall,
          aquarium_subvault_bridge, aquarium_subvault_balcony,
          aquarium_subvault_bridge, aquarium_subvault_balcony],
          aquarium_window_corner, aquarium_window_corridor_3, aquarium_view_2d,
          aquarium_balcony_1a, aquarium_pool_S, kennysheep_another_room,
          nicolae_wormholes
D:4:      layout_loops_corners, portal_sewer_entry_f, gup_ossuary_entry_pyramid,
          minmay_vboxes, uniq_eustachio
D:5:      layout_basic, okawaru_ov_weapons_minmay, uniq_grinder, uniq_duvessa,
          uniq_edmund, uniq_menkaure
D:6:      layout_gridville, mainiacjoe_overflow_alcove_1,
          nicolae_overflow_crystal_walls, dk_noncrumbling_4
D:7:      layout_gridville, minmay_temple_entry_slanted, uniq_prince_ribbit1
D:8:      layout_loops_ring, erik_lair_orcish_takeover, uniq_maggie
D:9:      layout_roguey, elyvilon_altar_4
D:10:     layout_rooms, david_orc_3, enter_bailey_3,
          onia_ninara_dug_in_and_dangerous, uniq_fannar, uniq_grum,
          uniq_nergalle
Temple:   nicolae_temple_slightly_damp_pantheon
Orc:1:    layout_caves, nicolae_orc_sculptors_studio, uniq_jorgrun, uniq_snorg
Orc:2:    st_orc_mages, layout_caves, serial_shops, shop, shop

Skill      XL: |  1  2  3  4  5  6  7  8  9 10 11 |
---------------+----------------------------------+-----
Dodging        | 2 3 4 5 6 |  6.9
Stealth        | 2 3 4 5 6 7 |  7.6
Fighting       | 1 2 3 4 5 6 7 |  7.1
Shields        | 1 2 3 4 5 6 |  6.5
Spellcasting   | 3 4 5 6 7 9 |  9.1
Summonings     | 5 6 7 9 10 | 10.5

Action                     |  1- 3 |  4- 6 |  7- 9 | 10-12 || total
---------------------------+-------+-------+-------+-------++-------
  Melee: Unarmed           |    24 |       |       |       ||    24
         Dagger            |    98 |     2 |       |       ||   100
         Quarterstaff      |       |    87 |    66 |       ||   153
         Halberd           |       |       |   151 |    20 ||   171
         Rapier            |       |       |       |   135 ||   135
   Cast: Summon Small Mamm |    61 |     5 |    17 |       ||    83
         Call Canine Famil |       |    12 |    38 |    39 ||    89
         Call Imp          |       |     9 |    35 |    39 ||    83
         Summon Guardian G |       |       |    17 |    18 ||    35
         Summon Lightning  |       |       |     2 |    22 ||    24
         Summon Forest     |       |       |       |     6 ||     6
         Summon Cactus Gia |       |       |       |     5 ||     5
  Evoke: Wand              |       |       |       |     3 ||     3
         Lightning rod     |       |       |       |     2 ||     2
    Use: Scroll            |       |       |     7 |    12 ||    19
         Potion            |       |       |     2 |     8 ||    10
   Stab: Sleeping          |     4 |     4 |     4 |     1 ||    13
         Distracted        |     1 |     3 |     5 |     4 ||    13
 Armour: Robe              |    40 |    44 |    60 |       ||   144
         Steam dragon scal |       |       |     9 |    75 ||    84
  Dodge: Dodged            |    90 |    57 |   132 |   107 ||   386
  Block: Other             |       |       |    15 |    21 ||    36
         Kite shield       |       |       |       |    96 ||    96
         Reflection        |       |       |       |     4 ||     4
